 Dungeon Crawl Stone Soup version 0.28.0-45-g0d030f2227 (webtiles) character file.

Game seed: 12583468903478588068

383 pkoi the Charlatan (level 6, 0/46 HPs)
             Began as a Demigod Artificer on Apr 24, 2022.
             Succumbed to a scorpion's poison
             ... on level 3 of the Dungeon.
             The game lasted 00:06:25 (6240 turns).

pkoi the Charlatan (Demigod Artificer)              Turns: 6240, Time: 00:06:26

Health: 0/46       AC:  8    Str: 10 (13) XL:     6   Next: 22%
Magic:  12/12      EV: 11    Int: 18 (21) God:
Gold:   176        SH:  0    Dex: 14 (17) Spells: 5/9 levels left

rFire   + . .      SeeInvis .   f - +3 dagger
rCold   . . .      Faith    .   (no shield)
rNeg    . . .      Spirit   .   x - +2 robe {rF+}
rPois   .          Reflect  .   (no helmet)
rElec   .          Harm     .   (no cloak)
rCorr   .          Rampage  .   n - +1 pair of gloves {Dex+3}
Will    .....                   g - +1 pair of boots
Stlth   ++........              (no amulet)
HPRegen 0.15/turn               l - ring of wizardry
MPRegen 0.13/turn               (no ring)

@: lethally poisoned (0 -> -4)
A: high MP 1, forlorn, divine attributes
a: no special abilities


You were on level 3 of the Dungeon.
You visited 1 branch of the dungeon, and saw 4 of its levels.

You collected 176 gold pieces.

Inventory:

Hand Weapons
 a - a +0 club
 f - a +3 dagger (weapon)
 t - a +0 dagger of flaming
 y - a +0 dagger of holy wrath
Missiles
 p - 91 stones
Armour
 b - a +0 leather armour
 g - a +1 pair of boots (worn)
 k - a +2 pair of gloves
 n - a +1 pair of gloves of dexterity (worn)
 q - a +0 robe
 s - a +0 ring mail of willpower
 x - a +2 robe of fire resistance (worn)
Magical Staves
 m - a staff of poison
Jewellery
 l - a ring of wizardry (left hand)
 w - a ring of fire
Wands
 d - a wand of charming (12)
Scrolls
 h - 4 scrolls of identify
 j - a scroll of summoning
 o - a scroll of teleportation
Potions
 i - a potion of berserk rage {unknown}
 u - a potion of heal wounds {unknown}
 v - a potion of flight {unknown}
 z - 2 potions of ambrosia {unknown}
Miscellaneous
 e - a piece from Xom's chessboard (15/15)


   Skills:
 - Level 0.8 Fighting
 - Level 1.7 Armour
 - Level 0.8 Dodging
 - Level 0.8 Stealth
 + Level 3.2 Unarmed Combat
 + Level 2.3 Spellcasting
 + Level 2.3 Translocations
 + Level 4.0 Evocations


You had 5 spell levels left.
You knew the following spells:

 Your Spells              Type           Power      Damage    Failure   Level
a - Gell's Gravitas       Tloc           10%        N/A       9%          3
b - Sandblast             Erth           4%         2d4       7%          1

Your spell library contained the following spells:

 Spells                   Type           Power      Damage    Failure   Level
 Lesser Beckoning         Tloc           10%        N/A       9%          3
 Teleport Other           Tloc           10%        N/A       9%          3
 Passwall                 Tmut/Erth      1%         N/A       11%         2
 Stone Arrow              Conj/Erth      4%         3d7       21%         3


Dungeon Overview and Level Annotations

Branches:
Dungeon (4/15)
 Temple: D:4-7

Shops:
D:4 (


Innate Abilities, Weirdness & Mutations

You have an increased reservoir of magic. (+10% MP)
You shall have no god before yourself.
Your divine heritage dramatically boosts your attributes as you level up.


Message History

The scorpion barely misses your quokka.
Your quokka bites the scorpion but does no damage.
Unknown command.
You feel sick.
The scorpion closely misses your quokka.
Your quokka closely misses the scorpion.
You feel sick.
You are no longer poisoned.
The scorpion stings your quokka.
Your quokka barely misses the scorpion.
The scorpion misses your quokka.
Your quokka barely misses the scorpion.
The scorpion stings your quokka.
Your quokka dies!
Aiming: Throw Flame
Press: ? - help, Shift-Dir - straight line, f/p - scorpion
Aim: a scorpion (moderately wounded, 71% to hit)
The puff of flame hits the scorpion!
The scorpion is severely wounded.
The scorpion stings you.
* * * LOW HITPOINT WARNING * * *
You are lethally poisoned!
The scorpion poisons you!
Aiming: Throw Flame
Press: ? - help, Shift-Dir - straight line, f/p - scorpion
Aim: a scorpion (severely wounded, 71% to hit)
The puff of flame hits the scorpion.
The scorpion is almost dead.
* * * LOW HITPOINT WARNING * * *
You feel sick.
The scorpion stings you but does no damage.
Aiming: Throw Flame
Press: ? - help, Shift-Dir - straight line, f/p - scorpion
Aim: a scorpion (almost dead, 71% to hit)
The puff of flame misses the scorpion.
The now-empty wand crumbles to dust.
* * * LOW HITPOINT WARNING * * *
You feel sick.
The scorpion stings you but does no damage.
It was a potion of degeneration.
There was something very wrong with that liquid.
You feel weakened.
You feel dopey.
You feel clumsy.
You die...

.# #...s...# #.#
#.# .# #######.#
#.# #.. .# #.# #.#
### .# #.### #.# #
.# #...# #.# # .#
###.# ##.###### #
## #.#
#.......#### # #s#
#........... # #@#
#.#####.#### # #.#
#.# #.# # #.# #.#
#.# # #.# #.# #.#
# #.#####.# #.# #
#....##.## #.####
#
####.#.#.####.##..
# #..###.......<.
# #.## ##..รท.....


You could see a scorpion.

Vanquished Creatures
  An ice beast (D:3)
  A kobold brigand (D:4)
  A scorpion (D:4)
  A hound (D:3)
  An orc wizard (D:3)
  2 adders (D:2)
  A worm (D:4)
  2 dart slugs
  4 orcs
  10 ball pythons
  7 bats
  9 endoplasms
  4 giant cockroaches
  5 goblins
  8 hobgoblins
  2 jackals (D:4)
  2 quokkas
  5 frilled lizards
  5 kobolds
  11 rats
82 creatures vanquished.

Vanquished Creatures (collateral kills)
  A goblin (D:4)
1 creature vanquished.

Vanquished Creatures (others)
  A quokka (D:3)
  3 fungi (D:2)
  6 plants (D:2)
10 creatures vanquished.

Grand Total: 93 creatures vanquished

Notes
Turn   | Place    | Note
-------+----------+-------------------------------------------
     0 | D:1      | pkoi the Demigod Artificer began the quest for the Orb.
     0 | D:1      | Reached XP level 1. HP: 15/15 MP: 3/3
   141 | D:1      | Reached skill level 1 in Unarmed Combat
   273 | D:1      | Reached XP level 2. HP: 21/22 MP: 4/4
   466 | D:1      | Reached skill level 3 in Evocations
  1174 | D:2      | Reached XP level 3. HP: 24/27 MP: 4/6
  1267 | D:1      | Learned a level 3 spell: Gell's Gravitas
  2382 | D:2      | Reached skill level 1 in Spellcasting
  2384 | D:2      | HP: 1/27 [poisoned by an adder]
  2777 | D:3      | Noticed an ice beast
  2790 | D:3      | HP: 1/27 [ice beast (7)]
  2793 | D:3      | Killed an ice beast
  2794 | D:3      | Reached skill level 1 in Translocations
  2794 | D:3      | Reached XP level 4. HP: 2/34 MP: 9/9
  3335 | D:3      | Reached XP level 5. HP: 36/39 MP: 10/10
  3337 | D:3      | Learned a level 1 spell: Sandblast
  4728 | D:4      | Found Oxtorph's Weapon Shoppe.
  5458 | D:4      | Reached skill level 4 in Evocations
  5458 | D:4      | Reached XP level 6. HP: 14/46 MP: 10/12
  6239 | D:3      | HP: 1/46 [poisoned by a scorpion]
  6240 | D:3      | Succumbed to a scorpion's poison

Illustrated notes

Levels and vault maps discovered:
D:1:      dpeg_arrival_stone_temple_mockup, layout_loops_corners,
          corexii_leaking_fountain
D:2:      layout_loops_ring, dreamdust_ecumenical_altar_hidden_monk_grotto
D:3:      layout_loops_ring, lemuel_crystal_altar,
          chequers_temple_overflow_minitemple, fedhas_altar_2,
          kennysheep_generic_room_15
D:4:      layout_cave_pools, mainiacjoe_overflow_alcove_4, serial_shops,
          nicolae_shop_trees, serial_bayou_pond_d

Skill      XL: |  1  2  3  4  5 |
---------------+----------------+-----
Unarmed Combat | 1 2 3 |  3.2
Evocations     | 3 4 |  4.0
Spellcasting   | 1 2 |  2.3
Translocations | 1 2 |  2.3
Fighting       | |  0.8
Armour         | |  1.7
Dodging        | |  0.8
Stealth        | |  0.8

Action                   |  1- 3 |  4- 6 || total
-------------------------+-------+-------++-------
Melee: Dagger            |   106 |   168 ||   274
       Club              |     3 |       ||     3
       Punch             |     1 |     3 ||     4
Evoke: Wand              |     9 |     9 ||    18
       Piece from Xom's  |     6 |       ||     6
  Use: Scroll            |     2 |     2 ||     4
       Potion            |       |     1 ||     1
 Stab: Sleeping          |     5 |     3 ||     8
       Distracted        |     2 |       ||     2
Armor: Leather armour    |    50 |    12 ||    62
       Robe              |       |    59 ||    59
       Ring mail         |       |    10 ||    10
Dodge: Dodged            |    72 |    85 ||   157
